 Dungeon Crawl Stone Soup version 0.21-a0-442-g848f44b (webtiles) character file.

33 theanonym the Cudgeler (level 3, -5/23 HPs)
             Began as a Gargoyle Berserker on Nov 16, 2017.
             Was a Follower of Trog.
             Slain by Natasha (8 damage)
             ... on level 2 of the Dungeon.
             The game lasted 00:01:32 (1540 turns).

theanonym the Cudgeler (Gargoyle Berserker)         Turns: 1540, Time: 00:01:33

Health: -5/23      AC:  5    Str: 21    XL:     3   Next: 29%
Magic:  3/3        EV: 12    Int:  7    God:    Trog [*.....]
Gold:   77         SH:  0    Dex:  9    Spells: 2/2 levels left

rFire    . . .     SeeInvis .   a - +0 mace
rCold    . . .     Gourm    .   (no shield)
rNeg     + . .     Faith    .   b - +0 animal skin
rPois    ∞         Spirit   .   (no helmet)
rElec    +         Reflect  .   (no cloak)
rCorr    .         Harm     .   (no gloves)
MR       .....                  (no boots)
Stlth    +.........             (no amulet)
HPRegen  0.07/turn              (no ring)
MPRegen  0.08/turn              (no ring)

@: berserk cooldown, slowed, very slow
A: negative energy resistance 1, electricity resistance, unbreathing,
petrification resistance, rot immunity, AC +3
a: Berserk, Burn Spellbooks, Renounce Religion


Innate Abilities, Weirdness & Mutations

You are resistant to torment.
Your stone body is resilient. (AC +3)
You are immune to poison.
You resist negative energy. (rN+)
You are resistant to electric shocks. (rElec)
You can survive without breathing.
You are immune to petrification.
You are immune to rotting.


   Skills:
 - Level 3.2 Fighting
 + Level 4.3 Maces & Flails
 - Level 2.1 Armour
 - Level 1.5 Dodging


You had 2 spell levels left.
You didn't know any spells.

Skill      XL: |  1  2 |
---------------+-------+-----
Maces & Flails | 4 |  4.3
Fighting       | |  3.2
Armour         | |  2.1
Dodging        | |  1.5

Action                   || total
-------------------------++-------
Melee: Mace              ||   108
Invok: Berserk           ||     3
  Eat: Chunk             ||     4
Armor: Animal skin       ||    45
Dodge: Dodged            ||   100

Inventory:

Hand Weapons
 a - a +0 mace (weapon)
Armour
 b - a +0 animal skin (worn)
Scrolls
 e - 3 scrolls of identify {unknown}
 f - a scroll of blinking {unknown}
 i - a scroll of teleportation {unknown}
Potions
 d - a potion of curing {unknown}
 h - a potion of brilliance {unknown}
Comestibles
 c - 2 bread rations
 g - a royal jelly

Dungeon Overview and Level Annotations

Branches:
Dungeon (2/15)

Altars:

Annotations:
D:2 Natasha


You were on level 2 of the Dungeon.
You worshipped Trog.
Trog was aware of your devotion.
You were hungry.

You visited 1 branch of the dungeon, and saw 2 of its levels.

You collected 77 gold pieces.


Message History

No target in view!
No target in view!
No target in view!
The bat closely misses you.
A bat is nearby!
A bat is nearby!
You barely miss the bat. The bat barely misses you. The bat closely misses you.
No target in view!
No target in view!
No target in view!
The bat barely misses you.
The bat is too close now for your liking.
You see here a rat corpse.
A bat is nearby!
A bat is nearby!
A bat is nearby!
The bat closely misses you. The bat closely misses you.
The bat hits you but does no damage. The bat misses you.
You hit the bat.
You kill the bat!
Trog accepts your kill.
No target in view!
No target in view!
No target in view!
You butcher the rat corpse.
f - a chunk of flesh
i - a scroll labeled RUG VUNOMY
There is a stone staircase leading down here.
Eating a chunk of flesh.
You eat the chunk of flesh.
f - a scroll labeled LIOZ XAMETUALI
Found a leather armour.
You see here a leather armour.
A rat comes into view.
A rat is nearby!
You sock the rat!
You kill the rat!
Trog accepts your kill.
No target in view!
No target in view!
You open the door.
Natasha, Servant of Life and Death comes into view.
Natasha hisses angrily.
Natasha zaps a wand.
The puff of flame misses you.
It is a wand of flame (?/48).
Found 2 puce potions.
Natasha is nearby!
Natasha is nearby!
Natasha is nearby!
Natasha is nearby!
Okay, then.
A red film seems to cover your vision as you go berserk!
You feel yourself moving faster!
You feel mighty!
You are feeling hungry.
Natasha stares at you and mumbles some strange words.
You feel yourself slow down.
You now have 34/34 hp.
You feel a strong urge to attack something.
Natasha casts a spell at you. The magic dart hits you!
Found a scroll labeled UKLENI RIPA.
There is an open door here.
You take 4 damage, and have 30/34 hp.
You miss Natasha.
Natasha zaps a wand.
The puff of flame hits you!
You take 8 damage, and have 22/34 hp.
MASSIVE DAMAGE!!
You are too injured to fight recklessly!
You are too injured to fight recklessly!
You are too injured to fight recklessly!
You are too injured to fight recklessly!
You are too injured to fight recklessly!
You closely miss Natasha. Natasha barely misses you. Natasha claws you.
You take 1 damage, and have 21/34 hp.
You sock Natasha! Natasha claws you.
* * * LOW HITPOINT WARNING * * *
You take 5 damage, and have 16/34 hp.
You barely miss Natasha. Natasha claws you.
* * * LOW HITPOINT WARNING * * *
You take 6 damage, and have 10/34 hp.
You closely miss Natasha. Natasha claws you but does no damage.
You barely miss Natasha.
Natasha stares at you and mumbles some strange words.
The magic dart hits you!
* * * LOW HITPOINT WARNING * * *
You take 1 damage, and have 9/34 hp.
You closely miss Natasha.
Natasha extends her claws.
Natasha zaps a wand.
The puff of flame hits you!
* * * LOW HITPOINT WARNING * * *
Natasha closely misses you.
You take 7 damage, and have 2/34 hp.
MASSIVE DAMAGE!!
You hit Natasha.
You are no longer berserk.
You are exhausted.
You feel as though you will be slow longer.
Natasha mumbles some strange words.
You now have 2/23 hp.
You closely miss Natasha. Natasha closely misses you.
You closely miss Natasha. Natasha claws you!
You die...

#.###########
#.####### #.#
#......?# #.#
#.......# #.#
#.......# #.#
#.......# #.#
#....!..####.##
#.......#.....#
.....5h@'.....#
#######.#.....#
#.####### #.#
#.# ..# ###


You could see an iron imp and Natasha.

Notes
Turn   | Place    | Note
-------+----------+-------------------------------------------
     0 | D:1      | theanonym the Gargoyle Berserker began the quest for the Orb.
     0 | D:1      | Reached XP level 1. HP: 14/14 MP: 1/1
   198 | D:1      | Reached XP level 2. HP: 17/19 MP: 2/2
   198 | D:1      | HP: 14/28 [kobold (3)]
   500 | D:1      | HP: 14/28 [jackal (1)]
   647 | D:1      | Reached skill level 4 in Maces & Flails
   779 | D:1      | Reached XP level 3. HP: 23/23 MP: 3/3
  1527 | D:2      | Noticed Natasha
  1533 | D:2      | HP: 16/34 [Natasha (5)]
  1537 | D:2      | HP: 2/34 [Natasha/wand of flame (?/48) (7)]
  1540 | D:2      | Slain by Natasha

Vanquished Creatures
  A leopard gecko (D:1)
  2 giant cockroaches (D:1)
  2 goblins (D:1)
  5 hobgoblins (D:1)
  4 jackals (D:1)
  3 kobolds (D:1)
  5 bats
  6 rats
28 creatures vanquished.
